Description

Standard TvP Bio Timing attack of 2 bases. Disclaimer: Results may vary, mostly uploaded to test and lift my abysmal TvP winrate.

Replay - demuLarva v llllllllllll - Neon Violet Square LE

Build Order

Get SALT Encoding   

  12  0:01  SCV  
  13  0:13  SCV  
  14  0:18  Supply Depot  
  14  0:25  SCV  
  15  0:29  Refinery  
  15  0:39  SCV  
  16  0:46  Barracks  
  16  0:51  SCV  
  17  1:03  SCV  
  18  1:16  SCV  
  19  1:32  Orbital Command  
  19  1:33  Reaper  
  20  1:45  Command Center  
  20  1:57  Factory  
  20  2:00  SCV  
  21  2:06  Barracks Reactor  
  21  2:12  Supply Depot  
  21  2:13  SCV  
  22  2:25  SCV  
  23  2:36  Barracks  
  24  2:47  Hellion x2  
  24  2:49  Barracks Tech Lab  
  29  2:57  Orbital Command  
  29  3:09  Stimpack  
  29  3:11  Marine  
  32  3:21  Factory Reactor  
  32  3:24  Refinery, Barracks  
  33  3:29  Marine x3  
  37  3:37  Supply Depot  
  38  3:44  Engineering Bay  
  39  3:49  Marine x2  
  39  3:54  Marine  
  43  3:59  Starport  
  44  4:08  Factory Reactor  
  46  4:12  Refinery  
  46  4:15  Marine x3  
  50  4:20  Terran Infantry Weapons Level 1  
  51  4:25  Supply Depot  
  54  4:41  Supply Depot  
  54  4:47  Marauder  
  62  5:02  Medivac x2  
  68  5:12  Combat Shields  
  68  5:14  Marauder  
  77  5:32  Medivac x2  
  81  5:38  Marauder  
  88  6:00  Marauder  
  83  6:13  Viking x2  
  83  6:17  Terran Infantry Armor Level 1  
  85  6:21  Marauder  
  85  6:22  Refinery  
  92  6:39  Concussive Shells  
  95  6:42  Marauder  
  95  6:43  Viking x2  
  100  7:04  Marauder  
  98  7:13  Viking  
  97  7:19  Viking  
  96  7:25  Marauder  
  103  7:43  Viking  
  106  7:47  Marauder  
  106  7:49  Viking  
  106  7:50  Command Center  
Spawning Tool Build Advisor. Get it on Overwolf

Go to:

Details

  • Created by: Mithriel
  • Published on: Apr 22, 2018
  • Modified on: Apr 22, 2018
  • Patch: 4.0.0
Show
View Real Time Build Order
Export as new Build Order

Comments (2)

On April 25, 2018, 12:17 p.m., Mithriel  said:

Haha awesome!! Happy to help out Terrans beat Protoss scum!

The build feels quite strong and does not let the Protoss build up his death army, which is why i uploaded it in the first place.

On April 25, 2018, 10:28 a.m., StoicLoofah  said:

FYI, your build has an enthusiastic fan on reddit =)

https://www.reddit.com/r/starcraft/comments/8elp3d/won_my_worst_matchup_with_my_worst_play_style_in/

Create an account to comment!